 Dungeon Crawl Stone Soup version 0.26-a0-651-gb41185065b (webtiles) character file.

Game seed: 8963032942172484827

11790 Irenicus the Severer (level 11, -6/88 HPs)
             Began as a Deep Dwarf Berserker on Oct 28, 2020.
             Was a High Priest of Trog.
             Mangled by a two-headed ogre
             ... wielding a +0 giant club
              (21 damage)
             ... on level 12 of the Dungeon.
             The game lasted 00:25:06 (8393 turns).

Irenicus the Severer (Deep Dwarf Berserker)         Turns: 8393, Time: 00:25:07

Health: -6/88      AC: 14    Str: 21    XL:     11   Next: 53%
Magic:  10/10      EV: 16    Int: 14    God:    Trog [*****.]
Gold:   698        SH:  0    Dex: 15    Spells: 10/10 levels left

rFire    . . .     SeeInvis +   n - +5 hand axe (elec)
rCold    . . .     Faith    .   (no shield)
rNeg     . . .     Spirit   .   E - +0 ring mail of Syndicalism {-Cast Harm rCorr SInv} (curse)
rPois    +         Reflect  .   p - +0 helmet
rElec    .         Harm     +   O - +2 cloak {rCorr}
rCorr    +         Rampage  .   h - +0 pair of gloves
MR       +....     NoCast   +   I - +0 pair of boots
Stlth    +.........             (no amulet)
HPRegen  0.00/turn              Q - ring of poison resistance {rPois, !d}
MPRegen  0.12/turn              F - +6 ring of intelligence

@: about to teleport, marked, berserk cooldown, non-regenerating, slowed, very
slow
A: damage resistance, heal wounds, sense surroundings 2, no regeneration
a: Heal Wounds, Berserk, Trog's Hand, Brothers in Arms, Renounce Religion


You were on level 12 of the Dungeon.
You worshipped Trog.
Trog was extremely pleased with you.
You visited 1 branch of the dungeon, and saw 12 of its levels.
You also visited: Gauntlet.

You collected 766 gold pieces.
You spent 68 gold pieces at shops.

Inventory:

Hand Weapons
 a - a +0 hand axe
 n - a +5 hand axe of electrocution (weapon)
   (You found it on level 3 of the Dungeon)
Missiles
 f - 7 atropa-tipped darts
 S - 18 silver javelins (quivered)
Armour
 b - a +0 ring mail
   (You found it on level 5 of the Dungeon)
 d - a +0 cloak
   (You found it on level 1 of the Dungeon)
 h - a +0 pair of gloves (worn)
   (You found it on level 1 of the Dungeon)
 p - a +0 helmet (worn)
   (You found it on level 3 of the Dungeon)
 z - a scarf of harm
   (You found it on level 5 of the Dungeon)
 E - the cursed +0 ring mail of Syndicalism (worn) {-Cast Harm rCorr SInv}
   (You found it on level 8 of the Dungeon)

   It lets you see invisible.
   It prevents spellcasting.
   It provides partial protection from all sources of acid and corrosion.
   It increases damage dealt and taken.
   It has a curse placed upon it.
 G - a +2 kite shield
   (You found it on level 8 of the Dungeon)
 I - a +0 pair of boots (worn)
   (You found it on level 9 of the Dungeon)
 O - a +2 cloak of preservation (worn)
   (You found it in a Gauntlet)
Jewellery
 y - an uncursed ring of ice {rC+, rF-}
   (You found it on level 5 of the Dungeon)
 D - an uncursed ring of fire {rF+, rC-}
   (You found it on level 7 of the Dungeon)
 F - a +6 ring of intelligence (right hand)
   (You found it on level 8 of the Dungeon)
 H - an uncursed ring of resist corrosion
   (You found it on level 9 of the Dungeon)
 L - an uncursed ring of fire {rF+, rC-}
   (You found it on level 9 of the Dungeon)
 P - an uncursed ring of stealth {Stlth+}
   (You found it in a Gauntlet)
 Q - a ring of poison resistance (left hand) {rPois, !d}
   (You found it in a Gauntlet)
 R - the brooch of Shielding {Spirit SH+8}
   (You took it off a minotaur in a Gauntlet)

   [amulet of guardian spirit]

   It causes incoming damage to be split between your health and magic.
   It affects your SH (+8).
Wands
 B - a wand of acid (5)
   (You found it on level 7 of the Dungeon)
 T - a wand of disintegration (10)
   (You found it in a Gauntlet)
 V - a wand of enslavement (9)
   (You found it in a Gauntlet)
 W - a wand of paralysis (10)
   (You found it in a Gauntlet)
Scrolls
 c - 4 scrolls of identify
 e - 5 scrolls of remove curse
 g - 2 scrolls of blinking {!r}
 i - 5 scrolls of enchant armour
 j - 2 scrolls of magic mapping {unknown}
 k - 6 scrolls of teleportation
 l - 4 scrolls of immolation {unknown}
 m - 3 scrolls of noise {unknown}
 r - 3 scrolls of random uselessness {unknown}
 u - a scroll of fear {unknown}
 A - 2 scrolls of amnesia {unknown}
 K - a scroll of vulnerability {unknown}
 U - a scroll of enchant weapon
Potions
 o - 6 potions of curing
 q - a potion of magic
 s - a potion of flight
 t - a potion of mutation {!q}
 v - a potion of might
 w - 3 potions of ambrosia
 x - 4 potions of lignification {!q}
 C - 2 potions of stabbing
 J - a potion of haste
 M - a potion of brilliance
 N - a potion of invisibility
 X - a potion of heal wounds {unknown}


   Skills:
 - Level 2.6 Fighting
 - Level 16.0 Axes
 + Level 8.4 Armour
 + Level 8.4 Dodging


You had 10 spell levels left.
You didn't know any spells.
Your spell library was empty.

Dungeon Overview and Level Annotations

Branches:
Dungeon (12/15)            Temple (0/1) D:7            Lair (0/6) D:10
    Orc (0/2) D:12        Gauntlet (visited)

Altars:
Ashenzari
Fedhas
Makhleb
Okawaru
Trog
Wu Jian
Xom
Zin
The Shining One

Shops:
D:6 (   D:7 *

Portals:
Trove: D:11 (show slimy rune of Zot)

Annotations:
D:4 1 runed translucent door, liluieth's ghost, amateur DEWz
D:9 exclusion: upstairs


Innate Abilities, Weirdness & Mutations

You are resistant to damage.
You can heal yourself by infusing magical energy.
You passively map the area around you.
You do not regenerate.


Message History

The alarm trap emits a blaring wail!
A sentinel's mark forms upon you.
You hear a howl! x2; You hear an angry hiss.
You hear two shouts!
You hear a howl!
You hear an angry buzzing noise.
You hear a shout! x5
You hear an angry hiss.
You hear an angry buzzing noise.
You hear a shout!
You hear an angry hiss.
You hear a shout!
You hear a croak.
You hear a shout!
You closely miss the orc. You slash the yak! Lightning courses through the yak!
You kill the yak!
Trog accepts your kill.
You closely miss the orc warrior.
You hear a shout! x3
You slash the orc!
You kill the orc!
Trog accepts your kill.
You slash the centaur warrior skeleton!
Lightning courses through the centaur warrior skeleton!!
You hit the orc warrior.
Your ring mail of Syndicalism prevents you from hitting the centaur warrior skeleton.
The centaur warrior skeleton is heavily damaged.
You hit the orc warrior.
The centaur warrior skeleton closely misses you.
The orc warrior hits you with a +0 flail!
You take 11 damage, and have 65/132 hp.
You slash the orc warrior!
Lightning courses through the orc warrior!
You kill the orc warrior!
Trog accepts your kill.
You slash the orc wizard! You slash the centaur warrior skeleton!
The orc wizard closely misses you.
You slash the orc wizard!
You kill the orc wizard!
Trog accepts your kill.
Trog appreciates your killing of a magic user.
You hit the centaur warrior skeleton.
Lightning courses through the centaur warrior skeleton!
You feel the power of Trog in you as your rage grows.
You destroy the centaur warrior skeleton!
Trog accepts your kill.
You now have 670 gold pieces (gained 10).
A two-headed ogre comes into view.
It is wielding a +0 dire flail and a +0 giant club.
A howler monkey comes into view.
You regained 2 hp, and now have 67/132 hp.
You feel a strong urge to attack something.
You see here 21 gold pieces.
You now have 691 gold pieces (gained 21).
You are no longer berserk.
You are exhausted.
You feel yourself slow down.
You now have 46/88 hp.
A centaur comes into view.
An adder comes into view.
You see here 7 gold pieces.
You regained 2 hp, and now have 49/88 hp.
You now have 698 gold pieces (gained 7).
A worker ant comes into view.
A howler monkey comes into view.
The howler monkey closely misses you.
You feel the effects of Trog's Hand fading.
The centaur wields a +0 shortbow.
The centaur shoots an arrow.
The arrow barely misses you.
A howler monkey comes into view.
The howler monkey hoots and howls with incredible vigour!
A centaur comes into view.
A two-headed ogre comes into view.
It is wielding a +0 giant club and a +0 giant spiked club.
You regained 2 hp, and now have 52/88 hp.
You hit the centaur. Lightning courses through the centaur!!
You kill the centaur!
Trog accepts your kill.
You hit the howler monkey. The howler monkey closely misses you.
A crocodile comes into view.
Okay, then.
Evoke which item? (* to show all) (? for menu, Esc to quit)
Okay, then.
You slash the two-headed ogre!
The two-headed ogre is moderately wounded.
You slash the howler monkey!
Lightning courses through the howler monkey!!
You kill the howler monkey!
Trog accepts your kill.
A hornet comes into view.
The two-headed ogre closely misses you.
The two-headed ogre hits you with a +0 giant club!!
You take 23 damage, and have 29/88 hp.
MASSIVE DAMAGE!!
As you read the scroll of teleportation, it crumbles to dust.
You feel strangely unstable. The adder barely misses you.
The two-headed ogre barely misses you. The two-headed ogre closely misses you.
The adder bites you.
An orc wizard comes into view. It is wielding a +1 dagger of speed.
As you read the scroll labeled COEMOABYIGG, it crumbles to dust.
It is a scroll of enchant armour.
Your +1 cloak of preservation glows green for a moment.
Your skin stops crawling.
You feel less resistant to hostile enchantments.
The adder barely misses you.
The orc wizard gestures wildly while chanting.
The orc wizard flickers and vanishes for a moment.
The two-headed ogre hits you with a +0 dire flail!
* * * LOW HITPOINT WARNING * * *
The two-headed ogre closely misses you. x2
The two-headed ogre hits you with a +0 giant spiked club!!
You die...

#.......# *#.............
#.......# #.......##...#
#.......####.......##...#
#..........#.......###.##
#...>.).##!#.......###.#
#.....))##.##.......##.#
#......a††..o........#.#
#.$....O##y##.......##,
*#..t$.cS@O(###.....##* *
.......h.h### ##.......,*
, #..###.#### ##....## *
* , #. ## ,....# , , #
#...# , , ** * #### * * *
* * , ,* , * * * ,, , , *
*


You could see 2 two-headed ogres, a hornet, a crocodile, a centaur, 2 howler
monkeys, a worker ant, an orc wizard (invisible) and an adder.

Vanquished Creatures
  A minotaur (Gauntlet)
  Erolcha (D:11)
  Erica (D:8)
  The ghost of Asymodius the Slasher, a novice DsGl (D:7)
  A cyclops (D:11)
  An ice devil (Gauntlet)
  A tengu conjurer (D:8)
  3 trolls
  Grinder (D:5)
  A hippogriff (D:8)
  8 yaks
  A vampire (D:8)
  A wraith (D:10)
  A wyvern (D:5)
  A vampire mosquito (D:8)
  Duvessa (D:5)
  2 black bears
  2 orc warriors (D:12)
  2 phantoms
  2 sky beasts
  4 ice beasts
  A necrophage (D:5)
  3 ogres
  4 small abominations (Gauntlet)
  2 large abominations (Gauntlet)
  4 centaurs
  A crocodile (D:11)
  A big kobold (D:10)
  Blork the orc (D:5)
  6 bullfrogs
  A water moccasin zombie (D:7)
  A wyvern zombie (D:9)
  4 scorpions
  Dowan (D:5)
  7 killer bees
  A wight (D:10)
  4 howler monkeys
  2 quasits (D:9)
  Crazy Yiuf (D:6)
  A jelly (D:11)
  2 orc priests
  5 bullfrog skeletons
  9 hounds
  4 centaur skeletons
  7 orc wizards
  An iguana (D:10)
  13 worker ants
  A centaur simulacrum (D:7)
  2 hound skeletons
  A worker ant zombie (D:5)
  3 gnolls (D:4)
  15 adders
  2 shadow imps
  8 white imps
  An ooze (D:3)
  3 adder skeletons
  An adder zombie (D:5)
  6 worms
  4 dart slugs
  An adder simulacrum (D:7)
  A leopard gecko (D:1)
  29 orcs
  2 ball pythons
  4 giant cockroaches
  14 goblins
  6 hobgoblins
  6 jackals
  15 kobolds
  8 quokkas
  10 bats
  6 frilled lizards
  3 jackal skeletons
  2 leopard gecko skeletons
  5 rats
283 creatures vanquished.

Vanquished Creatures (others)
  4 plants (D:7)
4 creatures vanquished.

Grand Total: 287 creatures vanquished

Notes
Turn   | Place    | Note
-------+----------+-------------------------------------------
     0 | D:1      | Irenicus the Deep Dwarf Berserker began the quest for the
                  | Orb.
     0 | D:1      | Reached XP level 1. HP: 20/20 MP: 1/1
   292 | D:1      | Reached skill level 4 in Axes
   292 | D:1      | Reached XP level 2. HP: 10/27 MP: 2/2
   356 | D:1      | HP: 6/27 [kobold/+0 club (3)]
   361 | D:1      | HP: 8/40 [leopard gecko (2)]
  1022 | D:2      | Reached ** piety under Trog
  1022 | D:2      | Reached XP level 3. HP: 27/33 MP: 3/3
  1060 | D:2      | Reached skill level 5 in Axes
  1110 | D:2      | Found a shimmering altar of Xom.
  1128 | D:2      | Reached XP level 4. HP: 33/40 MP: 4/4
  1726 | D:3      | Reached skill level 6 in Axes
  2149 | D:3      | Reached XP level 5. HP: 28/46 MP: 5/5
  2224 | D:3      | Found an iron altar of Okawaru.
  2306 | D:4      | Reached *** piety under Trog
  2306 | D:4      | Reached skill level 7 in Axes
  2323 | D:4      | Reached XP level 6. HP: 34/55 MP: 6/6
  2360 | D:4      | Found a runed translucent door.
  2368 | D:4      | Noticed liluieth's ghost (amateur DEWz)
  2447 | D:4      | Reached skill level 8 in Axes
  2904 | D:5      | Entered Level 5 of the Dungeon
  2924 | D:5      | Found a glowing golden altar of the Shining One.
  2924 | D:5      | HP: 8/55 [shadow imp/nerve-wracking pain (11)]
  2932 | D:5      | HP: 13/82 [centaur skeleton (5)]
  3001 | D:5      | Reached XP level 7. HP: 25/61 MP: 7/7
  3008 | D:5      | Reached skill level 9 in Axes
  3081 | D:5      | Noticed a wyvern
  3087 | D:5      | Noticed Duvessa
  3091 | D:5      | Noticed Dowan
  3096 | D:5      | Killed Duvessa
  3097 | D:5      | Killed a wyvern
  3097 | D:5      | Reached skill level 10 in Axes
  3104 | D:5      | Killed Dowan
  3117 | D:5      | Reached XP level 8. HP: 49/68 MP: 8/8
  3149 | D:5      | Noticed a moth of wrath
  3150 | D:5      | Noticed Grinder
  3170 | D:5      | Killed Grinder
  3170 | D:5      | Reached skill level 11 in Axes
  3325 | D:5      | Noticed Blork the orc
  3339 | D:5      | Killed Blork the orc
  3339 | D:5      | Reached **** piety under Trog
  3508 | D:5      | Found a bloodstained altar of Trog.
  3596 | D:6      | Reached skill level 12 in Axes
  3640 | D:6      | HP: 17/68 [ice beast (10)]
  3729 | D:6      | Found a runed translucent door.
  3730 | D:6      | Noticed Crazy Yiuf
  3875 | D:6      | Found an iron altar of Okawaru.
  4061 | D:6      | Gained mutation: You passively map the area around you.
                  | [Deep Dwarf growth]
  4061 | D:6      | Reached XP level 9. HP: 49/74 MP: 9/9
  4104 | D:6      | Reached skill level 13 in Axes
  4161 | D:6      | Found Foulisur's Antique Weapon Emporium.
  4191 | D:6      | Found a broken altar of Ashenzari.
  4376 | D:6      | Found an ornate altar of the Wu Jian Council.
  4587 | D:6      | Killed Crazy Yiuf
  4892 | D:7      | Found a staircase to the Ecumenical Temple.
  4910 | D:7      | Reached skill level 14 in Axes
  4916 | D:7      | Found Efuoduas's Assorted Antiques.
  4929 | D:7      | Bought a scroll labeled ENWIBIOQOM for 34 gold pieces
  4929 | D:7      | Bought a scroll labeled DEBIPR LAULLOH for 34 gold pieces
  4963 | D:7      | Noticed Asymodius's ghost (novice DsGl)
  4989 | D:7      | Found a runed translucent gate.
  4989 | D:7      | Found a runed translucent gate.
  4989 | D:7      | Found a runed translucent gate.
  5275 | D:7      | Found a blossoming altar of Fedhas.
  5342 | D:7      | Killed Asymodius's ghost
  5411 | D:8      | Reached skill level 15 in Axes
  5415 | D:8      | Got a brightly glowing ring mail
  5426 | D:8      | Identified the cursed +0 ring mail of Syndicalism {-Cast
                  | Harm rCorr SInv} (You found it on level 8 of the Dungeon)
  5428 | D:8      | Noticed a tengu conjurer
  5438 | D:8      | Killed a tengu conjurer
  5438 | D:8      | Reached XP level 10. HP: 81/81 MP: 10/10
  5440 | D:8      | Noticed a seven-headed hydra
  5477 | D:8      | Noticed Erica
  5488 | D:8      | Killed Erica
  5683 | D:8      | Reached skill level 16 in Axes
  5803 | D:8      | Found a glowing silver altar of Zin.
  5804 | D:8      | Noticed an angel
  5930 | D:9      | Reached skill level 3 in Dodging
  5951 | D:9      | Reached skill level 3 in Armour
  6275 | D:9      | Found a burning altar of Makhleb.
  6582 | D:10     | Entered Level 10 of the Dungeon
  6612 | D:10     | Reached skill level 4 in Armour
  6612 | D:10     | Reached skill level 4 in Dodging
  6734 | D:10     | Found a staircase to the Lair.
  6844 | D:10     | HP: 30/121 [ice beast (5)]
  6849 | D:10     | HP: 22/121 [ice beast (10)]
  6887 | D:10     | Reached skill level 5 in Armour
  6903 | D:10     | Reached skill level 5 in Dodging
  6907 | D:10     | HP: 29/121 [yak (5)]
  6953 | D:10     | HP: 13/81 [orc priest/divine providence (11)]
  6973 | D:10     | Noticed a centaur warrior
  6973 | D:10     | HP: 3/81 [centaur warrior/arrow (10)]
  7345 | D:11     | Reached ***** piety under Trog
  7364 | D:11     | Noticed Erolcha
  7367 | D:11     | HP: 27/121 [Erolcha/+0 giant spiked club (14)]
  7370 | D:11     | Killed Erolcha
  7370 | D:11     | Reached skill level 6 in Armour
  7370 | D:11     | Reached skill level 6 in Dodging
  7370 | D:11     | Reached XP level 11. HP: 30/88 MP: 11/11
  7437 | D:11     | Found a portal to a secret trove of treasure.
  7615 | D:11     | Found a gate leading to a gauntlet.
  7624 | Gauntlet | Entered a Gauntlet
  7624 | Gauntlet | Found a transporter.
  7632 | Gauntlet | Found a transporter.
  7634 | Gauntlet | Found a transporter.
  7638 | Gauntlet | Noticed a catoblepas
  7642 | Gauntlet | Found a transporter.
  7644 | Gauntlet | Found a transporter.
  7655 | Gauntlet | Found a transporter.
  7673 | Gauntlet | Found a transporter.
  7676 | Gauntlet | Noticed a death drake
  7680 | Gauntlet | Found a transporter.
  7690 | Gauntlet | Noticed a wretched star
  7693 | Gauntlet | Found a transporter.
  7714 | Gauntlet | Found a transporter.
  7722 | Gauntlet | Found a runed translucent door.
  7723 | Gauntlet | Found a transporter.
  7724 | Gauntlet | Found a runed translucent door.
  7725 | Gauntlet | Found a transporter.
  7725 | Gauntlet | Noticed an obsidian statue
  7767 | Gauntlet | Reached skill level 7 in Armour
  7767 | Gauntlet | Reached skill level 7 in Dodging
  7826 | Gauntlet | Found a transporter.
  7877 | Gauntlet | Noticed a minotaur
  7896 | Gauntlet | Killed a minotaur
  8359 | D:12     | Found a staircase to the Orcish Mines.
  8367 | D:12     | Reached skill level 8 in Dodging
  8371 | D:12     | Reached skill level 8 in Armour
  8383 | D:12     | Noticed a two-headed ogre
  8389 | D:12     | Noticed a two-headed ogre
  8393 | D:12     | HP: 15/88 [two-headed ogre/+0 dire flail (15)]
  8393 | D:12     | Mangled by a two-headed ogre

Illustrated notes

Levels and vault maps discovered:
D:1:      tarquinn_simple_flora_water_d, layout_basic,
          minmay_misc_feat_enclosed, grunt_decor_arrowhead
D:2:      layout_rooms, xom_teletrap_fun
D:3:      layout_loops_corners, okawaru_altar_gauntlet_db
D:4:      layout_loops_ring, ebering_ghost_sewer_d
D:5:      layout_rooms, lemuel_crystal_altar, tgw_trog, chequers_arboretum,
          grunt_decor_mini_mirrors, uniq_grinder, uniq_duvessa,
          uniq_blork_the_orc
D:6:      layout_basic, nicolae_overflow_crystal_walls, lemuel_crystal_altar,
          old_standard_altar, serial_shops, shop, uniq_crazy_yiuf_cottage
D:7:      layout_loops_ring, minmay_temple_entry_glassed_door, serial_shops,
          nicolae_shop_overgrown_old_shop, gammafunk_ghost_icy,
          fedhas_altar_fruit_tree
D:8:      minmay_cut_squares, layout_basic, marbit_many_paths,
          nicolae_overflow_hidden_temple, eat_drink_and_be_merry_uskayaw,
          zin_angel, uniq_psyche, uniq_erica
D:9:      layout_cave_pods, basic_altar
D:10:     minmay_thick_lines, layout_loops_ring, lair_entry_dummy, minivault_26
D:11:     layout_irregular_city, gauntlet_entry_generic, enter_trove_1,
          nicolae_wwwww, uniq_erolcha
D:12:     layout_loops_cross, orc_david_3

Skill      XL: |  1  2  3  4  5  6  7  8  9 10 11 |
---------------+----------------------------------+-----
Axes           | 4 5 6 7 8 10 12 15 16 | 16.0
Dodging        | 6 8 |  8.4
Armour         | 6 8 |  8.4
Fighting       | |  2.6

Action                   |  1- 3 |  4- 6 |  7- 9 | 10-12 || total
-------------------------+-------+-------+-------+-------++-------
Melee: Hand axe          |    98 |   135 |   305 |   237 ||   775
Invok: Berserk           |     2 |     4 |     9 |    13 ||    28
       Trog's Hand       |     1 |     1 |     8 |     9 ||    19
 Abil: Heal Wounds       |     1 |       |       |     3 ||     4
  Use: Scroll            |       |     9 |     5 |    10 ||    24
       Potion            |       |       |       |     1 ||     1
 Stab: Sleeping          |     1 |       |       |       ||     1
Armor: Animal skin       |    22 |    26 |       |       ||    48
       Leather armour    |       |    28 |       |       ||    28
       Skin              |       |     1 |     2 |       ||     3
       Ring mail         |       |       |    78 |    52 ||   130
Dodge: Dodged            |    72 |   113 |   118 |   117 ||   420

Table legend: (Time is in decaauts)
 A = Elapsed time spent in this place.
 B = Non-inter-level travel time spent in this place.
 C = Inter-level travel time spent in this place.
 D = Time resting spent in this place.
 E = Time spent auto-exploring this place.
 F = Levels seen in this place.
 G = Mean time per level.
                   A        B        C        D        E       F      G
               +--------+--------+--------+--------+--------+-----+--------+
         Total |   8475 |   8220 |    255 |     81 |   5800 |  13 |  651.9 |
       Dungeon |   8181 |   7926 |    255 |     58 |   5761 |  12 |  681.8 |
      Gauntlet |    293 |    293 |      0 |     22 |     39 |   1 |  293.0 |
               +--------+--------+--------+--------+--------+-----+--------+

Top non-repeatable levels by time:
     D:6: 1078 daAuts
     D:1: 975 daAuts
     D:3: 896 daAuts
    D:10: 778 daAuts
     D:7: 755 daAuts
     D:9: 747 daAuts
    D:11: 710 daAuts
     D:5: 660 daAuts
     D:4: 616 daAuts
     D:2: 465 daAuts
     D:8: 438 daAuts
Gauntlet: 293 daAuts
    D:12: 58 daAuts

Table legend:
 A = Kills in this place as a percentage of kills in entire the game.
 B = Kills by you in this place as a percentage of kills by you in the entire game.
 C = Kills by friends in this place as a percentage of kills by friends in the entire game.
 D = Other kills in this place as a percentage of other kills in the entire game.
 E = Experience gained in this place as a percentage of experience gained in the entire game.
 F = Experience gained in this place divided by the number of levels of this place that you have seen.
                   A       B       C       D       E      F
               +-------+-------+-------+-------+-------+----------------------
         Total | 100.0 | 100.0 |   N/A |   N/A | 100.0 | 1295.7
       Dungeon |  96.1 |  96.1 |   N/A |   N/A |  86.5 | 1214.6
      Gauntlet |   3.9 |   3.9 |   N/A |   N/A |  13.5 | 2269.0
               +-------+-------+-------+-------+-------+----------------------
